 Dungeon Crawl Stone Soup version 0.23.1-37-gaa34b87b72 (webtiles) character file.

Game seed: 16486289557880018633

148 PentaManta the Poker (level 5, -7/43 HPs)
             Began as a Merfolk Berserker on Mar 26, 2019.
             Was a Believer of Trog.
             Mangled by a gnoll
             ... wielding a +0 spear
              (8 damage)
             ... on level 4 of the Dungeon.
             The game lasted 00:03:11 (2477 turns).

PentaManta the Poker (Merfolk Berserker)            Turns: 2477, Time: 00:03:12

Health: -7/43      AC:  2    Str: 18    XL:     5   Next: 30%
Magic:  5/5        EV: 14    Int:  6    God:    Trog [**....]
Gold:   167        SH:  0    Dex: 14    Spells: 4/4 levels left

rFire    . . .     SeeInvis .   a - +0 spear
rCold    . . .     Gourm    .   (no shield)
rNeg     . . .     Faith    .   b - +0 animal skin
rPois    .         Spirit   .   (no helmet)
rElec    .         Reflect  .   (no cloak)
rCorr    .         Harm     .   (no gloves)
MR       .....                  (no boots)
Stlth    +.........             (no amulet)
HPRegen  0.14/turn              (no ring)
MPRegen  0.09/turn              (no ring)

@: berserk cooldown, slowed, very slow
A: change form in water, swift swim, stealthy swim
a: Berserk, Trog's Hand, Renounce Religion


You were on level 4 of the Dungeon.
You worshipped Trog.
Trog was pleased with you.
You were hungry.

You visited 1 branch of the dungeon, and saw 4 of its levels.

You collected 167 gold pieces.

Inventory:

Hand Weapons
 a - a +0 spear (weapon)
Missiles
 p - a throwing net (quivered)
Armour
 b - a +0 animal skin (worn)
 k - a +0 buckler
Jewellery
 m - a +3 ring of protection {unknown}
Scrolls
 d - 4 scrolls of immolation {unknown}
 e - a scroll of remove curse {unknown}
 g - 2 scrolls of identify {unknown}
 h - a scroll of teleportation {unknown}
 i - a scroll of magic mapping {unknown}
 l - a scroll of amnesia {unknown}
Potions
 f - a potion of flight {unknown}
 j - a potion of degeneration {unknown}
 n - a potion of ambrosia {unknown}
 o - a potion of lignification {unknown}
Comestibles
 c - 7 rations


   Skills:
 + Level 4.5 Fighting
 + Level 6.0 Polearms
 - Level 1.3 Armour
 + Level 4.5 Dodging


You had 4 spell levels left.
You didn't know any spells.
Your spell library was empty.

Dungeon Overview and Level Annotations

Branches:
Dungeon (4/15)
 Temple: D:4-7

Altars:
Elyvilon
Trog


Message History

A gnoll comes into view. It is wielding a +0 spear.
The gnoll shouts!
You see here a +0 halberd.
You feel a strong urge to attack something.
The gnoll hits you with a +0 spear.
* * * LOW HITPOINT WARNING * * *
You hit the gnoll.
The gnoll is moderately wounded.
The gnoll hits you with a +0 spear.
* * * LOW HITPOINT WARNING * * *
You hit the gnoll.
The gnoll is heavily wounded.
You are no longer berserk.
You are exhausted.
You feel yourself slow down.
You hit the gnoll but do no damage.
The gnoll is heavily wounded.
The gnoll barely misses you.
The gnoll hits you from afar with a +0 spear!
You die...

#...................#
#####..############.#
. .... .# ..####..##
##########
......######.........
..................>.
#...######..####.##
#...# #....# #.#
#.@g####.##.####.##
#..))).............
#.g#####.###.###.##
#..#......##.###.##
#..#...............
...##########.##(##
.#... ..........
#.#... ####..#.## #
#... ##.#.#


You could see 2 gnolls.

Vanquished Creatures
  3 gnolls
  3 adders
  2 oozes (D:1)
  2 worms
  A dart slug (D:1)
  3 leopard geckos
  An orc (D:4)
  12 bats
  4 giant cockroaches
  6 goblins
  6 hobgoblins
  4 jackals (D:2)
  7 kobolds
  2 quokkas
  3 ball pythons
  5 frilled lizards
  7 rats
71 creatures vanquished.

Notes
Turn   | Place    | Note
-------+----------+-------------------------------------------
     0 | D:1      | PentaManta the Merfolk Berserker began the quest for the
                  | Orb.
     0 | D:1      | Reached XP level 1. HP: 18/18 MP: 1/1
    51 | D:1      | Reached XP level 2. HP: 19/24 MP: 2/2
   425 | D:1      | Reached skill level 5 in Polearms
   425 | D:1      | Reached XP level 3. HP: 17/30 MP: 3/3
   899 | D:2      | Reached ** piety under Trog
   958 | D:2      | Reached XP level 4. HP: 34/37 MP: 4/4
  1267 | D:2      | Found a faded altar of an unknown god.
  1315 | D:2      | You fall through a shaft for 2 floors!
  1710 | D:3      | Found a bloodstained altar of Trog.
  1826 | D:3      | Reached XP level 5. HP: 31/43 MP: 5/5
  2243 | D:3      | Found a white marble altar of Elyvilon.
  2467 | D:4      | Reached skill level 6 in Polearms
  2475 | D:4      | HP: 2/64 [gnoll/+0 spear (4)]
  2477 | D:4      | Mangled by a gnoll

Skill      XL: |  1  2  3  4  5 |
---------------+----------------+-----
Dodging        | 3 4 |  4.5
Polearms       | 5 6 |  6.0
Fighting       | 4 |  4.5
Armour         | |  1.3

Action                   |  1- 3 |  4- 6 || total
-------------------------+-------+-------++-------
Melee: Spear             |   137 |   125 ||   262
Invok: Berserk           |     1 |     2 ||     3
 Stab: Sleeping          |     5 |     3 ||     8
  Eat: Chunk             |     1 |     6 ||     7
Armor: Animal skin       |    20 |    13 ||    33
Dodge: Dodged            |    58 |    67 ||   125
